[ AOE2 MATCH · #467556883 ]
Team RMJapanese vs Mongols
[ REPLAY ANALYSIS · EXTRACTED FROM THE RECORDED GAME ]
Feudal
11:04
Castle
15:16
Imperial
—
| APM avg | 64.0 |
| APM peak | 99 |
| eAPM avg | 26.7 |
| Villagers / military | 64 / 41 |
Focus
⚔️ 25.5% · 🌾 74.5%
Samurai ×31 · Battering Ram ×8 · Petard ×2
Feudal
12:17
Castle
15:18
Imperial
—
| APM avg | 17.4 |
| APM peak | 35 |
| eAPM avg | 12.8 |
| Villagers / military | 101 / 3 |
Focus
⚔️ 5.6% · 🌾 94.4%
Monk ×3
Feudal
14:58
Castle
—
Imperial
—
| APM avg | 25.1 |
| APM peak | 62 |
| eAPM avg | 7.1 |
| Villagers / military | 52 / 0 |
Focus
⚔️ 13.6% · 🌾 86.4%
Feudal
11:01
Castle
14:34
Imperial
28:22
| APM avg | 27.5 |
| APM peak | 65 |
| eAPM avg | 15.4 |
| Villagers / military | 107 / 29 |
Focus
⚔️ 25.3% · 🌾 74.7%
Spearman ×11 · Skirmisher ×11 · Bombard Cannon ×4 · Hussite Wagon ×3
Feudal
11:59
Castle
22:35
Imperial
—
| APM avg | 12.3 |
| APM peak | 49 |
| eAPM avg | 7.2 |
| Villagers / military | 77 / 3 |
Focus
⚔️ 7.1% · 🌾 92.9%
Spearman ×3
Feudal
11:47
Castle
15:21
Imperial
29:22
| APM avg | 52.4 |
| APM peak | 106 |
| eAPM avg | 29.0 |
| Villagers / military | 148 / 6 |
Focus
⚔️ 32.7% · 🌾 67.3%
Monk ×6
Feudal
11:30
Castle
15:50
Imperial
—
| APM avg | 16.3 |
| APM peak | 39 |
| eAPM avg | 10.3 |
| Villagers / military | 103 / 15 |
Focus
⚔️ 11.6% · 🌾 88.4%
Konnik ×14 · Monk ×1
Feudal
13:38
Castle
17:54
Imperial
22:19
| APM avg | 17.3 |
| APM peak | 54 |
| eAPM avg | 9.5 |
| Villagers / military | 65 / 33 |
Focus
⚔️ 16.5% · 🌾 83.5%
Hand Cannoneer ×27 · Bombard Cannon ×6
Match map
Initial resources + every placement click. Lines = walls · curves = elevation contours. ◆ gold · ⬟ stone · ● berries · ✦ relic · ◌ wall gap
Your base· ✓ Closed at 15:16 · 0t walls · 2 gate(s)
zhuge2021's base· ✓ Closed at 15:18 · 0t walls · 3 gate(s)
41839751's base· ✓ Closed at 12:00 · 0t walls · 2 gate(s)
ayano's base· ✓ Closed at 14:34 · 0t walls · 2 gate(s)
Fen_dA's base· ✓ Closed at 22:35 · 0t walls · 2 gate(s)
Denme Manos por favor XD's base· ✓ Closed at 15:21 · 0t walls · 2 gate(s)
The king's base· ✓ Closed at 15:50 · 0t walls · 2 gate(s)
GodFather's base· ✓ Closed at 17:54 · 0t walls · 2 gate(s)
Smoothed initial terrain · ◌ = detected wall gap · hover for details
Inputs per minute
— The Dream - - zhuge2021
Build order — The Dream
First 150 of 184 actions detected
| 0:01 | Create | Villager (Male) |
| 0:01 | Create | Villager (Male) |
| 0:01 | Create | Villager (Male) |
| 0:02 | Build | House |
| 0:04 | Build | House |
| 0:07 | Create | Villager (Male) |
| 1:24 | Create | Villager (Male) |
| 1:46 | Build | Lumber Camp |
| 2:04 | Create | Villager (Male) |
| 2:18 | Create | Villager (Male) |
| 2:49 | Create | Villager (Male) |
| 2:49 | Create | Villager (Male) |
| 3:10 | Create | Villager (Male) |
| 3:29 | Build | House |
| 3:52 | Build | Mill |
| 4:10 | Create | Villager (Male) |
| 4:11 | Create | Villager (Male) |
| 4:58 | Create | Villager (Male) |
| 5:02 | Create | Villager (Male) |
| 5:14 | Create | Villager (Male) |
| 5:54 | Create | Villager (Male) |
| 5:58 | Create | Villager (Male) |
| 6:05 | Create | Villager (Male) |
| 6:14 | Build | House |
| 6:49 | Build | Farm |
| 7:16 | Create | Villager (Male) |
| 7:41 | Create | Villager (Male) |
| 8:16 | Build | Mining Camp |
| 8:20 | Create | Villager (Male) |
| 8:48 | Create | Villager (Male) |
| 8:54 | Research | Feudal Age |
| 9:12 | Build | Farm |
| 9:17 | Build | Farm |
| 9:24 | Build | Farm |
| 9:48 | Build | House |
| 9:54 | Create | Villager (Male) |
| 9:55 | Create | Villager (Male) |
| 11:04 | Age | Feudal Age |
| 11:11 | Build | Market |
| 11:18 | Build | Blacksmith |
| 12:03 | Create | Villager (Male) |
| 12:36 | Research | Castle Age |
| 13:05 | Build | House |
| 13:23 | Research | Double-Bit Axe |
| 13:25 | Research | Horse Collar |
| 13:41 | Research | Loom |
| 13:42 | Create | Villager (Male) |
| 13:43 | Create | Villager (Male) |
| 15:16 | Age | Castle Age |
| 15:22 | Build | Castle |
| 15:41 | Build | Palisade Wall |
| 15:42 | Build | Palisade Wall |
| 15:43 | Build | Palisade Wall |
| 15:49 | Build | Palisade Wall |
| 15:52 | Create | Villager (Male) |
| 16:10 | Create | Villager (Male) |
| 16:13 | Research | Bow Saw |
| 16:32 | Build | Farm |
| 16:33 | Build | Farm |
| 16:34 | Build | Farm |
| 16:50 | Build | Mining Camp |
| 16:57 | Build | Siege Workshop |
| 16:58 | Create | Samurai |
| 16:59 | Create | Samurai |
| 16:59 | Create | Samurai |
| 17:11 | Build | Farm |
| 17:12 | Create | Villager (Male) |
| 17:31 | Build | Farm |
| 17:40 | Build | Farm |
| 17:41 | Build | Farm |
| 17:41 | Build | Farm |
| 17:41 | Build | Farm |
| 17:41 | Build | Farm |
| 17:41 | Build | Farm |
| 17:53 | Create | Samurai |
| 17:54 | Create | Samurai |
| 17:54 | Create | Samurai |
| 18:23 | Create | Battering Ram |
| 18:23 | Create | Battering Ram |
| 18:25 | Create | Villager (Male) |
| 18:25 | Create | Villager (Male) |
| 18:46 | Create | Petard |
| 18:47 | Create | Petard |
| 19:17 | Create | Samurai |
| 19:17 | Create | Samurai |
| 19:21 | Create | Samurai |
| 19:22 | Create | Samurai |
| 19:31 | Build | Farm |
| 19:51 | Create | Battering Ram |
| 19:51 | Create | Battering Ram |
| 19:58 | Create | Samurai |
| 19:59 | Create | Samurai |
| 20:14 | Create | Samurai |
| 20:37 | Create | Samurai |
| 21:12 | Create | Samurai |
| 21:12 | Create | Samurai |
| 21:12 | Create | Samurai |
| 21:15 | Create | Villager (Male) |
| 21:15 | Create | Villager (Male) |
| 21:16 | Create | Villager (Male) |
| 21:22 | Research | Gold Mining |
| 21:41 | Create | Samurai |
| 21:51 | Create | Samurai |
| 21:52 | Create | Villager (Male) |
| 22:21 | Create | Samurai |
| 22:22 | Create | Samurai |
| 22:23 | Create | Villager (Male) |
| 22:28 | Create | Battering Ram |
| 22:28 | Create | Battering Ram |
| 23:05 | Create | Battering Ram |
| 23:05 | Create | Battering Ram |
| 23:07 | Create | Villager (Male) |
| 23:13 | Build | House |
| 23:14 | Build | House |
| 23:14 | Build | House |
| 23:14 | Build | House |
| 23:38 | Create | Samurai |
| 23:39 | Create | Samurai |
| 23:39 | Create | Samurai |
| 23:57 | Create | Villager (Male) |
| 23:57 | Create | Villager (Male) |
| 24:16 | Create | Samurai |
| 24:20 | Research | Heavy Plow |
| 24:29 | Create | Villager (Male) |
| 24:31 | Create | Villager (Male) |
| 24:52 | Create | Samurai |
| 25:18 | Create | Samurai |
| 25:19 | Create | Samurai |
| 25:52 | Create | Villager (Male) |
| 25:53 | Create | Villager (Male) |
| 25:58 | Build | House |
| 26:02 | Build | Town Center |
| 26:06 | Create | Villager (Male) |
| 26:16 | Build | Town Center |
| 26:18 | Create | Villager (Male) |
| 26:44 | Create | Villager (Male) |
| 27:14 | Create | Villager (Male) |
| 27:17 | Create | Villager (Male) |
| 27:30 | Create | Villager (Male) |
| 27:34 | Build | House |
| 27:34 | Build | House |
| 27:34 | Build | House |
| 27:34 | Build | House |
| 27:34 | Build | House |
| 27:40 | Create | Villager (Male) |
| 27:42 | Create | Villager (Male) |
| 28:03 | Create | Samurai |
| 28:03 | Create | Samurai |
| 28:04 | Create | Samurai |
| 28:09 | Build | Farm |
Build order — zhuge2021
First 150 of 174 actions detected
| 0:06 | Create | Villager (Male) |
| 0:06 | Create | Villager (Male) |
| 0:07 | Create | Villager (Male) |
| 0:09 | Build | House |
| 0:11 | Build | House |
| 0:35 | Create | Villager (Male) |
| 1:34 | Create | Villager (Male) |
| 2:08 | Create | Villager (Male) |
| 2:28 | Create | Villager (Male) |
| 3:01 | Create | Villager (Male) |
| 3:14 | Create | Villager (Male) |
| 3:14 | Create | Villager (Male) |
| 3:37 | Build | House |
| 3:40 | Build | House |
| 3:45 | Create | Villager (Male) |
| 3:46 | Create | Villager (Male) |
| 4:06 | Create | Villager (Male) |
| 4:06 | Create | Villager (Male) |
| 4:26 | Create | Villager (Male) |
| 4:31 | Build | House |
| 4:41 | Create | Villager (Male) |
| 4:52 | Create | Villager (Male) |
| 5:08 | Create | Villager (Male) |
| 5:08 | Create | Villager (Male) |
| 5:34 | Create | Villager (Male) |
| 6:38 | Build | Mill |
| 6:48 | Create | Villager (Male) |
| 6:49 | Create | Villager (Male) |
| 7:12 | Create | Villager (Male) |
| 8:24 | Create | Villager (Male) |
| 8:25 | Create | Villager (Male) |
| 9:22 | Create | Villager (Male) |
| 9:43 | Build | Lumber Camp |
| 9:51 | Build | Farm |
| 9:55 | Research | Feudal Age |
| 10:27 | Build | Mining Camp |
| 11:52 | Build | Farm |
| 11:53 | Build | Farm |
| 11:55 | Build | Farm |
| 12:08 | Build | Farm |
| 12:09 | Build | Farm |
| 12:17 | Age | Feudal Age |
| 12:38 | Research | Castle Age |
| 13:26 | Build | Farm |
| 13:30 | Research | Double-Bit Axe |
| 14:29 | Create | Villager (Male) |
| 14:29 | Create | Villager (Male) |
| 14:57 | Create | Villager (Male) |
| 15:05 | Build | House |
| 15:18 | Age | Castle Age |
| 15:21 | Create | Villager (Male) |
| 15:26 | Build | Monastery |
| 15:35 | Research | Bow Saw |
| 15:49 | Create | Monk |
| 15:53 | Build | Town Center |
| 15:57 | Create | Villager (Male) |
| 16:35 | Create | Villager (Male) |
| 16:35 | Create | Villager (Male) |
| 16:42 | Build | House |
| 16:48 | Create | Villager (Male) |
| 17:22 | Create | Villager (Male) |
| 17:23 | Create | Villager (Male) |
| 17:46 | Create | Villager (Male) ×2 |
| 18:12 | Create | Villager (Male) |
| 18:26 | Create | Villager (Male) |
| 18:57 | Create | Villager (Male) |
| 19:07 | Build | Farm |
| 19:07 | Build | Farm |
| 19:08 | Build | Farm |
| 19:09 | Build | Farm |
| 19:09 | Build | Farm |
| 19:10 | Build | Farm |
| 19:14 | Build | Farm |
| 19:15 | Build | Farm |
| 19:20 | Build | House |
| 19:25 | Create | Villager (Male) ×2 |
| 19:28 | Create | Monk |
| 19:45 | Create | Villager (Male) |
| 19:46 | Create | Villager (Male) |
| 19:53 | Build | Farm |
| 19:54 | Build | Farm |
| 19:54 | Build | Farm |
| 19:55 | Build | Farm |
| 19:55 | Build | Farm |
| 19:56 | Build | Farm |
| 19:56 | Build | Farm |
| 19:56 | Build | Farm |
| 19:57 | Build | Farm |
| 20:31 | Build | Town Center |
| 20:36 | Create | Villager (Male) ×5 |
| 20:39 | Build | House |
| 20:47 | Create | Villager (Male) ×2 |
| 20:58 | Create | Villager (Male) |
| 21:07 | Build | House |
| 21:08 | Build | House |
| 21:12 | Create | Villager (Male) ×2 |
| 21:53 | Create | Villager (Male) ×5 |
| 22:03 | Create | Villager (Male) ×2 |
| 22:08 | Build | Farm |
| 22:08 | Build | Farm |
| 22:15 | Build | Town Center |
| 22:20 | Create | Villager (Male) ×2 |
| 23:43 | Create | Villager (Male) ×5 |
| 23:49 | Build | Farm |
| 23:50 | Build | Farm |
| 23:50 | Build | Farm |
| 23:50 | Build | Farm |
| 23:51 | Build | Farm |
| 23:52 | Build | Farm |
| 23:52 | Build | Farm |
| 23:52 | Build | Farm |
| 23:53 | Build | Farm |
| 23:57 | Research | Wheelbarrow |
| 23:58 | Create | Villager (Male) |
| 24:32 | Create | Monk |
| 24:42 | Build | Farm |
| 24:42 | Build | Farm |
| 24:43 | Build | Farm |
| 24:44 | Build | Farm |
| 24:44 | Build | Farm |
| 24:44 | Build | Farm |
| 24:44 | Build | Farm |
| 24:45 | Build | Farm |
| 24:45 | Build | Farm |
| 24:45 | Build | Farm |
| 24:56 | Research | Stone Mining |
| 24:58 | Create | Villager (Male) ×5 |
| 25:36 | Build | House |
| 25:36 | Build | House |
| 25:36 | Build | House |
| 25:57 | Research | Horse Collar |
| 26:16 | Create | Villager (Male) ×5 |
| 26:24 | Build | Farm |
| 26:25 | Build | Farm |
| 26:25 | Build | Farm |
| 26:25 | Build | Farm |
| 26:25 | Build | Farm |
| 26:26 | Build | Farm |
| 26:26 | Build | Farm |
| 26:30 | Create | Villager (Male) ×5 |
| 26:56 | Build | Castle |
| 27:01 | Create | Villager (Male) ×5 |
| 27:08 | Create | Villager (Male) ×5 |
| 27:10 | Research | Heavy Plow |
| 27:15 | Research | Gold Mining |
| 27:17 | Create | Villager (Male) ×5 |
| 27:23 | Build | Farm |
| 27:23 | Build | Farm |
| 27:25 | Build | Farm |
| 27:25 | Build | Farm |
Build order — 41839751
107 actions detected in the replay
| 0:13 | Build | House |
| 0:28 | Research | Loom |
| 0:29 | Create | Villager (Male) |
| 0:29 | Create | Villager (Male) |
| 0:29 | Create | Villager (Male) |
| 0:30 | Create | Villager (Male) |
| 0:30 | Create | Villager (Male) |
| 1:46 | Create | Villager (Male) |
| 1:46 | Create | Villager (Male) |
| 1:46 | Create | Villager (Male) |
| 2:31 | Create | Villager (Male) |
| 2:31 | Create | Villager (Male) |
| 2:40 | Build | House |
| 2:43 | Build | House |
| 2:51 | Create | Villager (Male) |
| 3:14 | Create | Villager (Male) |
| 3:14 | Create | Villager (Male) |
| 3:40 | Create | Villager (Male) |
| 3:41 | Create | Villager (Male) |
| 3:52 | Build | House |
| 3:54 | Build | House |
| 3:55 | Build | House |
| 3:57 | Build | House |
| 3:58 | Build | House |
| 4:04 | Create | Villager (Male) |
| 4:04 | Create | Villager (Male) |
| 4:05 | Create | Villager (Male) |
| 4:17 | Create | Villager (Male) |
| 4:17 | Create | Villager (Male) |
| 4:58 | Create | Villager (Male) |
| 5:43 | Build | Mill |
| 5:46 | Create | Villager (Male) |
| 5:47 | Create | Villager (Male) |
| 5:47 | Create | Villager (Male) |
| 6:25 | Build | House |
| 6:26 | Build | House |
| 6:58 | Create | Villager (Male) |
| 6:58 | Create | Villager (Male) |
| 7:23 | Create | Villager (Male) |
| 7:23 | Create | Villager (Male) |
| 7:40 | Create | Villager (Male) |
| 7:40 | Create | Villager (Male) |
| 7:48 | Build | House |
| 7:49 | Build | House |
| 8:35 | Create | Villager (Male) |
| 8:35 | Create | Villager (Male) |
| 9:25 | Create | Villager (Male) |
| 9:25 | Create | Villager (Male) |
| 9:25 | Create | Villager (Male) |
| 9:51 | Build | Lumber Camp |
| 10:06 | Create | Villager (Male) |
| 10:07 | Create | Villager (Male) |
| 10:08 | Create | Villager (Male) |
| 10:38 | Build | Mill |
| 11:19 | Create | Villager (Male) |
| 12:03 | Research | Feudal Age |
| 12:17 | Build | Mining Camp |
| 12:57 | Build | Mining Camp |
| 13:13 | Build | Mill |
| 13:39 | Build | Mining Camp |
| 14:58 | Age | Feudal Age |
| 15:00 | Research | Double-Bit Axe |
| 15:03 | Research | Horse Collar |
| 15:08 | Research | Wheelbarrow |
| 15:10 | Research | Gold Mining |
| 15:15 | Research | Stone Mining |
| 15:17 | Create | Villager (Male) |
| 15:17 | Create | Villager (Male) |
| 15:18 | Create | Villager (Male) |
| 15:24 | Create | Villager (Male) |
| 15:42 | Create | Villager (Male) |
| 16:33 | Build | Stone Wall |
| 16:41 | Build | Stone Wall |
| 17:03 | Create | Villager (Male) |
| 17:04 | Create | Villager (Male) |
| 17:08 | Create | Villager (Male) |
| 17:25 | Build | Farm |
| 17:28 | Build | Farm |
| 17:30 | Build | Farm |
| 17:39 | Build | Stone Wall |
| 17:46 | Build | Stone Wall |
| 17:56 | Build | Stone Wall |
| 18:00 | Create | Villager (Male) |
| 18:14 | Build | Farm |
| 18:17 | Build | Farm |
| 18:19 | Build | Farm |
| 18:35 | Build | Stone Wall |
| 18:43 | Build | Stone Wall |
| 18:53 | Build | Stone Wall |
| 19:06 | Build | Farm |
| 19:10 | Build | Farm |
| 19:14 | Create | Villager (Male) |
| 19:28 | Build | Market |
| 19:43 | Build | Farm |
| 19:44 | Build | Farm |
| 19:52 | Build | Watch Tower |
| 20:03 | Build | Blacksmith |
| 20:10 | Create | Villager (Male) |
| 20:35 | Build | Stone Wall |
| 21:15 | Create | Villager (Male) |
| 21:15 | Create | Villager (Male) |
| 21:29 | Build | Stone Wall |
| 21:56 | Build | Stone Wall |
| 22:22 | Research | Fletching |
| 23:15 | Build | Lumber Camp |
| 26:49 | Build | Town Center |
| 27:32 | Build | Lumber Camp |
Build order — ayano
First 150 of 259 actions detected
| 0:03 | Create | Villager (Male) |
| 0:05 | Build | House |
| 0:06 | Build | House |
| 0:13 | Create | Villager (Male) |
| 0:16 | Create | Villager (Male) |
| 0:36 | Create | Villager (Male) |
| 1:33 | Create | Villager (Male) |
| 1:57 | Create | Villager (Male) |
| 2:15 | Build | Lumber Camp |
| 2:23 | Create | Villager (Male) |
| 2:51 | Create | Villager (Male) |
| 3:12 | Build | House |
| 3:14 | Build | House |
| 3:19 | Create | Villager (Male) |
| 3:47 | Create | Villager (Male) |
| 3:47 | Create | Villager (Male) |
| 4:30 | Create | Villager (Male) |
| 4:56 | Create | Villager (Male) |
| 5:11 | Create | Villager (Male) |
| 5:34 | Build | Mill |
| 5:51 | Create | Villager (Male) |
| 6:14 | Create | Villager (Male) |
| 6:33 | Create | Villager (Male) |
| 6:48 | Create | Villager (Male) |
| 7:20 | Create | Villager (Male) |
| 7:39 | Create | Villager (Male) |
| 8:24 | Create | Villager (Male) |
| 8:26 | Build | Mining Camp |
| 8:43 | Create | Villager (Male) |
| 8:51 | Research | Feudal Age |
| 9:43 | Create | Villager (Male) |
| 9:45 | Create | Villager (Male) |
| 9:47 | Build | House |
| 9:54 | Build | Farm |
| 9:57 | Build | Farm |
| 11:01 | Age | Feudal Age |
| 11:05 | Build | Market |
| 11:08 | Build | Blacksmith |
| 11:32 | Create | Villager (Male) |
| 11:54 | Research | Castle Age |
| 12:11 | Research | Double-Bit Axe |
| 12:27 | Research | Horse Collar |
| 12:31 | Build | Farm |
| 12:34 | Build | Farm |
| 12:37 | Build | Farm |
| 12:55 | Build | Farm |
| 12:59 | Build | Farm |
| 13:02 | Build | Farm |
| 13:11 | Create | Villager (Male) |
| 13:17 | Build | Farm |
| 14:34 | Age | Castle Age |
| 14:36 | Build | Town Center |
| 14:39 | Create | Villager (Male) |
| 14:55 | Build | Town Center |
| 15:03 | Create | Villager (Male) |
| 15:07 | Create | Villager (Male) |
| 15:14 | Research | Bow Saw |
| 15:26 | Create | Villager (Male) |
| 15:36 | Create | Villager (Male) |
| 15:59 | Create | Villager (Male) |
| 16:02 | Build | Farm |
| 16:05 | Build | Farm |
| 16:06 | Create | Villager (Male) |
| 16:12 | Create | Villager (Male) |
| 16:19 | Create | Villager (Male) |
| 16:20 | Create | Villager (Male) |
| 16:26 | Build | Farm |
| 16:31 | Build | Farm |
| 16:37 | Create | Villager (Male) |
| 16:41 | Build | Farm |
| 16:49 | Build | Farm |
| 16:51 | Create | Villager (Male) |
| 16:57 | Build | Farm |
| 17:01 | Create | Villager (Male) |
| 17:06 | Build | Farm |
| 17:21 | Create | Villager (Male) |
| 17:33 | Create | Villager (Male) |
| 17:37 | Build | House |
| 17:40 | Create | Villager (Male) |
| 17:45 | Build | Farm |
| 17:47 | Build | Farm |
| 17:53 | Research | Wheelbarrow |
| 17:56 | Create | Villager (Male) |
| 18:02 | Create | Villager (Male) |
| 18:05 | Build | House |
| 18:07 | Build | House |
| 18:09 | Create | Villager (Male) |
| 18:13 | Create | Villager (Male) |
| 18:24 | Build | House |
| 18:28 | Build | House |
| 18:36 | Create | Villager (Male) |
| 18:41 | Create | Villager (Male) |
| 18:47 | Create | Villager (Male) |
| 18:51 | Build | House |
| 18:52 | Build | House |
| 18:59 | Create | Villager (Male) |
| 19:14 | Build | Town Center |
| 19:17 | Create | Villager (Male) |
| 19:22 | Create | Villager (Male) |
| 19:36 | Create | Villager (Male) |
| 19:36 | Create | Villager (Male) |
| 19:59 | Research | Hand Cart |
| 20:04 | Create | Villager (Male) |
| 20:12 | Create | Villager (Male) |
| 20:15 | Create | Villager (Male) |
| 20:23 | Build | Farm |
| 20:27 | Build | Farm |
| 20:30 | Build | Farm |
| 20:32 | Create | Villager (Male) |
| 20:35 | Build | House |
| 20:37 | Build | House |
| 20:38 | Create | Villager (Male) |
| 20:45 | Create | Villager (Male) |
| 20:51 | Create | Villager (Male) |
| 20:51 | Create | Villager (Male) |
| 20:59 | Build | Monastery |
| 21:10 | Create | Villager (Male) |
| 21:18 | Create | Villager (Male) |
| 21:26 | Build | Castle |
| 21:29 | Create | Villager (Male) |
| 21:29 | Create | Villager (Male) |
| 21:35 | Build | University |
| 21:37 | Create | Villager (Male) |
| 21:39 | Create | Villager (Male) |
| 21:42 | Build | House |
| 21:44 | Create | Villager (Male) |
| 21:47 | Build | Mill |
| 21:48 | Build | Farm |
| 21:49 | Build | Farm |
| 21:49 | Build | Farm |
| 21:51 | Create | Villager (Male) |
| 21:55 | Build | Farm |
| 21:55 | Build | Farm |
| 21:56 | Build | Farm |
| 21:58 | Create | Villager (Male) |
| 22:01 | Create | Villager (Male) |
| 22:01 | Research | Loom |
| 22:04 | Build | Farm |
| 22:08 | Create | Villager (Male) |
| 22:12 | Build | House |
| 22:14 | Build | House |
| 22:14 | Build | House |
| 22:16 | Create | Villager (Male) |
| 22:16 | Create | Villager (Male) |
| 22:20 | Build | Farm |
| 22:33 | Create | Villager (Male) |
| 22:33 | Create | Villager (Male) |
| 22:37 | Create | Villager (Male) |
| 22:40 | Create | Villager (Male) |
| 22:46 | Build | Mining Camp |
Build order — Fen_dA
139 actions detected in the replay
| 0:37 | Create | Villager (Male) |
| 0:37 | Create | Villager (Male) |
| 0:37 | Create | Villager (Male) |
| 0:37 | Create | Villager (Male) |
| 1:57 | Create | Villager (Male) |
| 1:58 | Create | Villager (Male) |
| 2:37 | Create | Villager (Male) |
| 2:37 | Create | Villager (Male) |
| 2:37 | Create | Villager (Male) |
| 2:37 | Create | Villager (Male) |
| 3:19 | Create | Villager (Male) |
| 3:19 | Create | Villager (Male) |
| 3:42 | Create | Villager (Male) |
| 3:43 | Create | Villager (Male) |
| 3:43 | Create | Villager (Male) |
| 3:43 | Create | Villager (Male) |
| 3:45 | Create | Villager (Male) |
| 4:29 | Create | Villager (Male) |
| 4:46 | Create | Villager (Male) |
| 5:15 | Create | Villager (Male) |
| 5:42 | Create | Villager (Male) |
| 5:42 | Create | Villager (Male) |
| 5:42 | Create | Villager (Male) |
| 6:38 | Build | Mill |
| 7:06 | Build | Lumber Camp |
| 7:11 | Create | Villager (Male) |
| 7:12 | Create | Villager (Male) |
| 7:12 | Create | Villager (Male) |
| 8:31 | Create | Villager (Male) |
| 8:55 | Create | Villager (Male) |
| 9:22 | Create | Villager (Male) |
| 9:49 | Research | Feudal Age |
| 10:05 | Build | Mining Camp |
| 10:15 | Create | Villager (Male) |
| 10:15 | Create | Villager (Male) |
| 10:15 | Create | Villager (Male) |
| 10:16 | Create | Villager (Male) |
| 11:59 | Age | Feudal Age |
| 12:06 | Research | Double-Bit Axe |
| 12:14 | Research | Stone Mining |
| 12:29 | Build | Market |
| 12:34 | Build | Blacksmith |
| 12:49 | Build | Mining Camp |
| 12:55 | Create | Villager (Male) |
| 12:55 | Create | Villager (Male) |
| 13:06 | Build | Farm |
| 13:28 | Create | Villager (Male) |
| 13:29 | Create | Villager (Male) |
| 13:45 | Build | Farm |
| 14:10 | Build | Farm |
| 14:11 | Build | Farm |
| 14:12 | Build | Farm |
| 14:15 | Build | Farm |
| 14:18 | Build | Farm |
| 14:20 | Build | Farm |
| 14:23 | Build | Farm |
| 14:29 | Build | Farm |
| 14:38 | Create | Villager (Male) |
| 14:39 | Create | Villager (Male) |
| 14:57 | Build | Farm |
| 15:23 | Build | Farm |
| 15:26 | Create | Villager (Male) |
| 15:28 | Create | Villager (Male) |
| 15:39 | Research | Horse Collar |
| 15:47 | Build | Farm |
| 16:02 | Create | Villager (Male) |
| 16:14 | Build | Farm |
| 16:38 | Build | Farm |
| 16:42 | Create | Villager (Male) |
| 16:43 | Create | Villager (Male) |
| 17:21 | Build | Mill |
| 17:37 | Create | Villager (Male) |
| 17:44 | Build | Farm |
| 17:45 | Build | Farm |
| 17:47 | Build | Farm |
| 17:50 | Build | Farm |
| 17:51 | Build | Farm |
| 17:53 | Build | Farm |
| 17:54 | Build | Farm |
| 17:54 | Build | Farm |
| 17:55 | Build | Farm |
| 18:02 | Create | Villager (Male) |
| 18:02 | Create | Villager (Male) |
| 18:03 | Create | Villager (Male) |
| 18:19 | Research | Gold Mining |
| 19:20 | Create | Villager (Male) |
| 19:43 | Research | Castle Age |
| 20:37 | Build | Barracks |
| 22:35 | Age | Castle Age |
| 22:47 | Build | Town Center |
| 23:00 | Build | Town Center |
| 23:17 | Build | Castle |
| 23:34 | Build | Stable |
| 23:34 | Build | Stable |
| 23:35 | Build | Stable |
| 23:37 | Build | Stable |
| 23:38 | Build | Stable |
| 23:41 | Build | Stable |
| 23:48 | Create | Spearman |
| 23:48 | Create | Spearman |
| 24:26 | Create | Spearman |
| 24:34 | Build | Farm |
| 24:36 | Create | Villager (Male) |
| 24:36 | Create | Villager (Male) |
| 24:36 | Create | Villager (Male) |
| 24:37 | Create | Villager (Male) |
| 24:39 | Create | Villager (Male) |
| 24:39 | Create | Villager (Male) |
| 24:40 | Create | Villager (Male) |
| 24:40 | Create | Villager (Male) |
| 24:40 | Create | Villager (Male) |
| 24:40 | Create | Villager (Male) |
| 24:44 | Create | Villager (Male) |
| 24:44 | Create | Villager (Male) |
| 24:44 | Create | Villager (Male) |
| 24:44 | Create | Villager (Male) |
| 24:45 | Create | Villager (Male) |
| 24:45 | Create | Villager (Male) |
| 24:45 | Create | Villager (Male) |
| 26:24 | Research | Bow Saw |
| 26:26 | Research | Heavy Plow |
| 26:35 | Create | Villager (Male) |
| 26:36 | Create | Villager (Male) |
| 26:36 | Create | Villager (Male) |
| 26:36 | Create | Villager (Male) |
| 26:38 | Create | Villager (Male) |
| 26:38 | Create | Villager (Male) |
| 26:41 | Create | Villager (Male) |
| 26:43 | Research | Gold Shaft Mining |
| 27:07 | Build | Mining Camp |
| 28:14 | Research | Imperial Age |
| 28:17 | Research | Wheelbarrow |
| 28:20 | Research | Town Watch |
| 28:22 | Create | Villager (Male) |
| 28:22 | Create | Villager (Male) |
| 28:22 | Create | Villager (Male) |
| 28:22 | Create | Villager (Male) |
| 29:00 | Research | Bloodlines |
| 29:00 | Research | Husbandry |
Build order — Denme Manos por favor XD
First 150 of 299 actions detected
| 0:02 | Create | Villager (Male) |
| 0:03 | Create | Villager (Male) |
| 0:03 | Create | Villager (Male) |
| 0:04 | Build | House |
| 0:04 | Create | Villager (Male) |
| 0:04 | Create | Villager (Male) |
| 0:05 | Build | House |
| 1:22 | Create | Villager (Male) |
| 1:22 | Create | Villager (Male) |
| 1:39 | Create | Villager (Male) |
| 1:46 | Build | Lumber Camp |
| 2:17 | Create | Villager (Male) |
| 2:29 | Create | Villager (Male) |
| 2:49 | Create | Villager (Male) |
| 2:49 | Create | Villager (Male) |
| 3:17 | Create | Villager (Male) |
| 3:27 | Research | Loom |
| 3:27 | Research | Loom |
| 3:31 | Build | House |
| 3:35 | Create | Villager (Male) |
| 3:35 | Create | Villager (Male) |
| 3:36 | Create | Villager (Male) |
| 3:59 | Create | Villager (Male) |
| 4:13 | Build | Mill |
| 4:23 | Create | Villager (Male) |
| 4:41 | Create | Villager (Male) |
| 4:49 | Research | Loom |
| 4:49 | Research | Loom |
| 5:05 | Create | Villager (Male) |
| 5:23 | Create | Villager (Male) |
| 5:23 | Create | Villager (Male) |
| 5:24 | Create | Villager (Male) |
| 5:42 | Create | Villager (Male) |
| 5:42 | Create | Villager (Male) |
| 6:23 | Build | Mining Camp |
| 6:31 | Create | Villager (Male) |
| 6:35 | Build | Farm |
| 6:45 | Create | Villager (Male) |
| 6:53 | Build | Farm |
| 7:12 | Build | House |
| 7:16 | Build | Farm |
| 7:29 | Create | Villager (Male) |
| 8:17 | Create | Villager (Male) |
| 8:17 | Create | Villager (Male) |
| 8:40 | Research | Feudal Age |
| 9:18 | Build | Farm |
| 9:22 | Build | Farm |
| 9:54 | Create | Villager (Male) |
| 9:54 | Create | Villager (Male) |
| 11:47 | Age | Feudal Age |
| 11:50 | Build | Market |
| 11:54 | Build | Blacksmith |
| 12:15 | Research | Double-Bit Axe |
| 12:41 | Research | Castle Age |
| 12:47 | Build | House |
| 12:56 | Build | Farm |
| 13:10 | Research | Horse Collar |
| 13:11 | Research | Horse Collar |
| 13:35 | Research | Gold Mining |
| 13:55 | Create | Villager (Male) |
| 13:55 | Create | Villager (Male) |
| 15:21 | Age | Castle Age |
| 15:30 | Build | Town Center |
| 15:33 | Build | Town Center |
| 15:37 | Build | Monastery |
| 15:38 | Build | House |
| 15:41 | Create | Villager (Male) |
| 15:55 | Create | Villager (Male) |
| 16:03 | Create | Villager (Male) |
| 16:10 | Build | Farm |
| 16:16 | Create | Villager (Male) |
| 16:19 | Build | House |
| 16:34 | Build | Farm |
| 16:38 | Create | Monk |
| 16:44 | Create | Villager (Male) |
| 16:44 | Create | Villager (Male) |
| 16:58 | Create | Villager (Male) |
| 16:58 | Create | Villager (Male) |
| 16:58 | Create | Villager (Male) |
| 17:02 | Build | House |
| 17:08 | Create | Villager (Male) |
| 17:19 | Build | Mill |
| 17:20 | Build | Farm |
| 17:20 | Build | Farm |
| 17:20 | Build | Farm |
| 17:20 | Build | Farm |
| 17:21 | Build | Farm |
| 17:21 | Create | Villager (Male) |
| 17:22 | Create | Villager (Male) |
| 17:22 | Create | Villager (Male) |
| 17:29 | Build | Farm |
| 17:31 | Build | Farm |
| 17:35 | Create | Monk |
| 17:39 | Create | Villager (Male) |
| 17:39 | Create | Villager (Male) |
| 17:39 | Create | Villager (Male) |
| 17:43 | Build | Farm |
| 17:54 | Create | Villager (Male) |
| 17:54 | Create | Villager (Male) |
| 17:54 | Create | Villager (Male) |
| 17:57 | Build | Farm |
| 18:00 | Build | Farm |
| 18:07 | Create | Villager (Male) |
| 18:12 | Build | Farm |
| 18:22 | Create | Villager (Male) |
| 18:22 | Create | Villager (Male) |
| 18:22 | Create | Villager (Male) |
| 18:25 | Build | House |
| 18:26 | Build | House |
| 18:27 | Build | House |
| 18:53 | Create | Monk |
| 18:53 | Create | Monk |
| 19:00 | Create | Villager (Male) |
| 19:00 | Create | Villager (Male) |
| 19:01 | Create | Villager (Male) |
| 19:01 | Create | Villager (Male) |
| 19:07 | Build | Town Center |
| 19:21 | Build | Farm |
| 19:24 | Build | Farm |
| 19:29 | Build | Mill |
| 19:30 | Build | Farm |
| 19:30 | Build | Farm |
| 19:31 | Build | Farm |
| 19:31 | Build | Farm |
| 19:31 | Build | Farm |
| 19:31 | Build | Farm |
| 19:32 | Build | Farm |
| 19:32 | Build | Farm |
| 19:32 | Build | Farm |
| 19:32 | Build | Farm |
| 19:33 | Create | Villager (Male) |
| 19:34 | Create | Villager (Male) |
| 19:34 | Create | Villager (Male) |
| 19:34 | Create | Villager (Male) |
| 19:36 | Build | House |
| 19:37 | Build | House |
| 19:42 | Create | Villager (Male) |
| 19:42 | Create | Villager (Male) |
| 19:55 | Create | Villager (Male) |
| 19:56 | Create | Villager (Male) |
| 19:56 | Create | Villager (Male) |
| 19:56 | Create | Villager (Male) |
| 20:07 | Build | Farm |
| 20:10 | Build | Farm |
| 20:20 | Create | Villager (Male) |
| 20:20 | Create | Villager (Male) |
| 20:24 | Create | Villager (Male) |
| 20:24 | Create | Villager (Male) |
| 20:24 | Create | Villager (Male) |
| 20:25 | Create | Villager (Male) |
Build order — The king
First 150 of 193 actions detected
| 0:07 | Build | House |
| 0:10 | Create | Villager (Male) |
| 0:11 | Create | Villager (Male) |
| 0:11 | Create | Villager (Male) |
| 0:16 | Create | Villager (Male) |
| 0:17 | Create | Villager (Male) |
| 0:17 | Create | Villager (Male) |
| 1:17 | Research | Loom |
| 1:39 | Build | House |
| 1:41 | Build | House |
| 1:44 | Build | House |
| 1:49 | Create | Villager (Male) |
| 1:50 | Create | Villager (Male) |
| 2:18 | Create | Villager (Male) |
| 2:18 | Create | Villager (Male) |
| 2:19 | Create | Villager (Male) |
| 2:32 | Create | Villager (Male) |
| 2:33 | Create | Villager (Male) |
| 2:33 | Create | Villager (Male) |
| 2:53 | Create | Villager (Male) |
| 2:53 | Create | Villager (Male) |
| 2:53 | Create | Villager (Male) |
| 3:23 | Build | Lumber Camp |
| 3:25 | Create | Villager (Male) |
| 3:26 | Create | Villager (Male) |
| 3:46 | Create | Villager (Male) |
| 3:46 | Create | Villager (Male) |
| 4:07 | Create | Villager (Male) |
| 4:07 | Create | Villager (Male) |
| 4:19 | Create | Villager (Male) |
| 4:54 | Create | Villager (Male) |
| 4:54 | Create | Villager (Male) |
| 5:06 | Create | Villager (Male) |
| 5:07 | Create | Villager (Male) |
| 5:42 | Create | Villager (Male) |
| 5:56 | Build | Mill |
| 6:19 | Create | Villager (Male) |
| 7:12 | Build | Mill |
| 7:20 | Create | Villager (Male) |
| 7:22 | Create | Villager (Male) |
| 7:23 | Create | Villager (Male) |
| 7:53 | Create | Villager (Male) |
| 9:19 | Research | Feudal Age |
| 9:27 | Build | Mining Camp |
| 10:15 | Build | House |
| 11:30 | Age | Feudal Age |
| 11:39 | Create | Villager (Male) |
| 11:40 | Create | Villager (Male) |
| 11:45 | Build | Market |
| 11:49 | Build | Blacksmith |
| 12:41 | Build | House |
| 13:10 | Research | Castle Age |
| 13:20 | Build | Farm |
| 13:24 | Build | Farm |
| 13:37 | Build | Farm |
| 13:50 | Build | Farm |
| 14:18 | Build | Farm |
| 14:29 | Build | Farm |
| 14:53 | Research | Double-Bit Axe |
| 15:01 | Build | Farm |
| 15:25 | Build | Farm |
| 15:50 | Age | Castle Age |
| 15:55 | Create | Villager (Male) |
| 15:55 | Create | Villager (Male) |
| 16:08 | Build | Town Center |
| 16:10 | Create | Villager (Male) |
| 16:48 | Build | Monastery |
| 16:49 | Create | Villager (Male) |
| 16:58 | Create | Villager (Male) |
| 17:28 | Research | Horse Collar |
| 17:35 | Create | Villager (Male) |
| 17:40 | Build | Farm |
| 17:43 | Create | Monk |
| 17:51 | Create | Villager (Male) |
| 17:56 | Build | Farm |
| 18:00 | Build | Farm |
| 18:02 | Create | Villager (Male) |
| 18:03 | Create | Villager (Male) |
| 18:14 | Build | House |
| 18:16 | Create | Villager (Male) |
| 18:20 | Build | Farm |
| 18:24 | Build | Farm |
| 18:27 | Create | Villager (Male) |
| 18:38 | Create | Villager (Male) |
| 18:39 | Create | Villager (Male) |
| 18:52 | Build | Town Center |
| 18:58 | Build | House |
| 18:59 | Create | Villager (Male) |
| 19:01 | Create | Villager (Male) |
| 19:18 | Create | Villager (Male) |
| 19:27 | Build | Farm |
| 19:32 | Build | Farm |
| 19:35 | Create | Villager (Male) |
| 19:39 | Build | House |
| 19:48 | Create | Villager (Male) |
| 19:56 | Create | Villager (Male) |
| 19:59 | Create | Villager (Male) |
| 20:05 | Create | Villager (Male) |
| 20:10 | Build | Farm |
| 20:14 | Build | Farm |
| 20:20 | Create | Villager (Male) |
| 20:21 | Create | Villager (Male) |
| 20:28 | Build | House |
| 20:30 | Create | Villager (Male) |
| 20:31 | Create | Villager (Male) |
| 20:32 | Create | Villager (Male) |
| 20:44 | Build | Farm |
| 20:55 | Build | Farm |
| 21:00 | Create | Villager (Male) |
| 21:02 | Create | Villager (Male) |
| 21:04 | Build | House |
| 21:12 | Create | Villager (Male) |
| 21:20 | Build | Farm |
| 21:28 | Create | Villager (Male) |
| 21:28 | Create | Villager (Male) |
| 21:29 | Create | Villager (Male) |
| 21:37 | Build | House |
| 21:39 | Create | Villager (Male) |
| 21:44 | Build | Farm |
| 21:57 | Build | Krepost |
| 22:02 | Create | Villager (Male) |
| 22:03 | Create | Villager (Male) |
| 22:22 | Build | Town Center |
| 22:23 | Create | Villager (Male) |
| 22:24 | Create | Villager (Male) |
| 22:25 | Create | Villager (Male) |
| 22:42 | Build | Krepost |
| 22:45 | Create | Villager (Male) |
| 22:45 | Create | Villager (Male) |
| 22:56 | Create | Villager (Male) |
| 22:57 | Create | Villager (Male) |
| 23:00 | Build | House |
| 23:01 | Build | House |
| 23:15 | Create | Villager (Male) |
| 23:16 | Create | Villager (Male) |
| 23:23 | Build | Farm |
| 23:25 | Build | Farm |
| 23:33 | Create | Villager (Male) |
| 23:35 | Create | Villager (Male) |
| 23:36 | Create | Villager (Male) |
| 24:10 | Build | Krepost |
| 24:13 | Create | Konnik |
| 24:13 | Create | Konnik |
| 24:21 | Create | Villager (Male) |
| 24:22 | Create | Villager (Male) |
| 24:37 | Create | Villager (Male) |
| 24:38 | Create | Villager (Male) |
| 24:39 | Create | Villager (Male) |
| 24:54 | Create | Villager (Male) |
| 24:55 | Create | Villager (Male) |
Build order — GodFather
119 actions detected in the replay
| 0:02 | Create | Villager (Male) |
| 0:03 | Create | Villager (Male) |
| 0:05 | Build | House |
| 0:08 | Build | House |
| 1:27 | Create | Villager (Male) |
| 1:28 | Create | Villager (Male) |
| 1:28 | Create | Villager (Male) |
| 1:28 | Create | Villager (Male) |
| 1:28 | Create | Villager (Male) |
| 2:15 | Create | Villager (Male) |
| 2:28 | Build | Lumber Camp |
| 2:35 | Create | Villager (Male) |
| 2:35 | Create | Villager (Male) |
| 2:52 | Create | Villager (Male) |
| 3:44 | Create | Villager (Male) |
| 3:45 | Create | Villager (Male) |
| 3:45 | Create | Villager (Male) |
| 4:13 | Create | Villager (Male) |
| 4:13 | Create | Villager (Male) |
| 4:26 | Build | House |
| 4:28 | Build | House |
| 4:31 | Build | House |
| 4:41 | Create | Villager (Male) |
| 5:00 | Build | Mill |
| 5:08 | Create | Villager (Male) |
| 5:08 | Create | Villager (Male) |
| 5:08 | Create | Villager (Male) |
| 5:27 | Create | Villager (Male) |
| 6:15 | Create | Villager (Male) |
| 6:15 | Create | Villager (Male) |
| 6:15 | Create | Villager (Male) |
| 6:47 | Create | Villager (Male) |
| 6:48 | Create | Villager (Male) |
| 6:48 | Create | Villager (Male) |
| 6:48 | Create | Villager (Male) |
| 6:48 | Create | Villager (Male) |
| 7:00 | Create | Villager (Male) |
| 7:05 | Create | Villager (Male) |
| 7:11 | Create | Villager (Male) |
| 8:12 | Create | Villager (Male) |
| 8:12 | Create | Villager (Male) |
| 8:13 | Create | Villager (Male) |
| 8:13 | Create | Villager (Male) |
| 10:06 | Build | Mining Camp |
| 10:29 | Research | Feudal Age |
| 11:33 | Build | House |
| 12:05 | Build | Farm |
| 12:06 | Build | Farm |
| 12:07 | Build | Farm |
| 12:09 | Build | Farm |
| 12:10 | Build | Farm |
| 12:18 | Create | Villager (Male) |
| 12:18 | Create | Villager (Male) |
| 13:38 | Age | Feudal Age |
| 13:39 | Build | Market |
| 13:42 | Research | Horse Collar |
| 13:47 | Build | Blacksmith |
| 13:59 | Research | Double-Bit Axe |
| 14:06 | Build | Farm |
| 14:07 | Build | Farm |
| 14:09 | Build | Farm |
| 14:10 | Build | Farm |
| 14:12 | Build | Farm |
| 14:14 | Build | Farm |
| 14:17 | Build | Farm |
| 14:18 | Build | Farm |
| 14:20 | Build | Farm |
| 14:37 | Create | Villager (Male) |
| 15:14 | Research | Castle Age |
| 15:37 | Build | House |
| 16:21 | Create | Villager (Male) |
| 16:22 | Create | Villager (Male) |
| 16:22 | Create | Villager (Male) |
| 17:54 | Age | Castle Age |
| 17:56 | Build | University |
| 17:59 | Build | Siege Workshop |
| 19:00 | Build | Siege Workshop |
| 19:05 | Research | Imperial Age |
| 19:18 | Build | Barracks |
| 19:22 | Build | House |
| 19:24 | Build | House |
| 19:25 | Build | House |
| 19:26 | Build | House |
| 20:13 | Build | Archery Range |
| 20:17 | Build | Archery Range |
| 20:49 | Research | Gold Mining |
| 21:28 | Create | Villager (Male) |
| 21:28 | Create | Villager (Male) |
| 21:28 | Create | Villager (Male) |
| 21:51 | Build | Town Center |
| 22:19 | Age | Imperial Age |
| 22:23 | Create | Bombard Cannon |
| 22:27 | Create | Bombard Cannon |
| 22:33 | Create | Hand Cannoneer ×4 |
| 22:33 | Create | Hand Cannoneer ×4 |
| 22:34 | Create | Hand Cannoneer ×4 |
| 23:36 | Create | Hand Cannoneer ×4 |
| 23:38 | Create | Villager (Male) |
| 23:38 | Create | Villager (Male) |
| 23:39 | Create | Villager (Male) |
| 23:59 | Create | Bombard Cannon |
| 24:30 | Build | Farm |
| 25:22 | Create | Bombard Cannon |
| 25:42 | Create | Villager (Male) ×5 |
| 25:42 | Create | Villager (Male) ×5 |
| 26:09 | Create | Hand Cannoneer ×3 |
| 27:25 | Create | Bombard Cannon |
| 27:27 | Create | Hand Cannoneer ×5 |
| 27:28 | Create | Hand Cannoneer ×3 |
| 27:40 | Build | House |
| 27:45 | Build | House |
| 27:47 | Build | House |
| 27:48 | Build | House |
| 28:44 | Create | Bombard Cannon |
| 28:48 | Create | Villager (Male) ×5 |
| 28:48 | Create | Villager (Male) ×2 |
| 28:56 | Build | House |
| 28:57 | Build | House |
| 29:22 | Build | Town Center |
Match timeline
| 11:01 | ayano · age_up feudal |
| 11:04 | The Dream · age_up feudal |
| 11:30 | The king · age_up feudal |
| 11:47 | Denme Manos por favor XD · age_up feudal |
| 11:59 | Fen_dA · age_up feudal |
| 12:17 | zhuge2021 · age_up feudal |
| 12:35 | The Dream · first_market_sell 100 food |
| 13:38 | GodFather · age_up feudal |
| 14:34 | ayano · age_up castle |
| 14:58 | 41839751 · age_up feudal |
| 15:16 | The Dream · age_up castle |
| 15:18 | zhuge2021 · age_up castle |
| 15:21 | Denme Manos por favor XD · age_up castle |
| 15:22 | The Dream · first_building Castle |
| 15:26 | zhuge2021 · first_building Monastery |
| 15:37 | Denme Manos por favor XD · first_building Monastery |
| 15:41 | The Dream · wall_segment Palisade Wall x1 |
| 15:42 | The Dream · wall_segment Palisade Wall x1 |
| 15:43 | The Dream · wall_segment Palisade Wall x5 |
| 15:49 | The Dream · wall_segment Palisade Wall x1 |
| 15:50 | The king · age_up castle |
| 16:33 | 41839751 · wall_segment Stone Wall x8 |
| 16:36 | ayano · first_market_buy 100 food |
| 16:41 | 41839751 · wall_segment Stone Wall x6 |
| 16:48 | The king · first_building Monastery |
| 16:48 | GodFather · first_market_sell 100 stone |
| 16:50 | GodFather · first_market_buy 100 food |
| 16:57 | The Dream · first_building Siege Workshop |
| 17:39 | 41839751 · wall_segment Stone Wall x7 |
| 17:46 | 41839751 · wall_segment Stone Wall x9 |
| 17:54 | GodFather · age_up castle |
| 17:56 | 41839751 · wall_segment Stone Wall x4 |
| 17:59 | GodFather · first_building Siege Workshop |
| 18:35 | 41839751 · wall_segment Stone Wall x1 |
| 18:43 | 41839751 · wall_segment Stone Wall x3 |
| 18:53 | 41839751 · wall_segment Stone Wall x5 |
| 19:05 | Denme Manos por favor XD · first_market_buy 100 stone |
| 19:18 | GodFather · first_building Barracks |
| 20:13 | GodFather · first_building Archery Range |
| 20:35 | 41839751 · wall_segment Stone Wall x1 |
| 20:37 | Fen_dA · first_building Barracks |
| 20:59 | ayano · first_building Monastery |
| 21:26 | ayano · first_building Castle |
| 21:29 | 41839751 · wall_segment Stone Wall x1 |
| 21:56 | 41839751 · wall_segment Stone Wall x1 |
| 21:57 | The king · first_building Krepost |
| 22:19 | GodFather · age_up imperial |
| 22:35 | Fen_dA · age_up castle |
| 23:17 | Fen_dA · first_building Castle |
| 23:18 | ayano · first_building Barracks |
| 23:34 | Fen_dA · first_building Stable |
| 25:39 | ayano · first_building Archery Range |
| 26:00 | Denme Manos por favor XD · first_market_sell 100 food |
| 26:10 | Denme Manos por favor XD · first_building Barracks |
| 26:11 | The Dream · first_market_buy 100 stone |
| 26:40 | ayano · first_building Siege Workshop |
| 26:49 | The king · first_building Barracks |
| 26:56 | zhuge2021 · first_building Castle |
| 27:18 | ayano · first_market_sell 100 wood |
| 27:22 | The king · first_building Stable |
| 27:38 | zhuge2021 · first_building Stable |
| 27:40 | Denme Manos por favor XD · first_building Stable |
| 28:06 | Fen_dA · first_market_sell 100 wood |
| 28:22 | ayano · age_up imperial |
| 28:25 | The king · resign |
| 29:14 | Denme Manos por favor XD · first_building Castle |
| 29:22 | Denme Manos por favor XD · age_up imperial |
[ AI ANALYSIS · 1 CREDIT ]
What really happened in this match?
Wolo.gg analyzes every decision: build order, eco, micro, common mistakes by bracket. Personalized analysis on WhatsApp or Discord in 30 seconds.
Civ guide
Japanese
Map guide
Arena
Perfil
The Dream